 Dungeon Crawl Stone Soup version 0.28-a0-661-g144af121cd (webtiles) character file.

Game seed: 1322438038722665356

163 MacCMillion the Stinger (level 5, 0/35 HPs)
             Began as a Merfolk Venom Mage on Oct 14, 2021.
             Slain by a gnoll (6 damage)
             ... on level 4 of the Dungeon.
             The game lasted 00:10:41 (4276 turns).

MacCMillion the Stinger (Merfolk Venom Mage)        Turns: 4276, Time: 00:10:42

Health: 0/35       AC:  6    Str:  9    XL:     5   Next: 44%
Magic:  2/9        EV: 12    Int: 15    God:
Gold:   143        SH:  0    Dex: 14    Spells: 2/9 levels left

rFire   . . .      SeeInvis .   s - +0 dagger
rCold   . . .      Faith    .   (no shield)
rNeg    + . .      Spirit   .   a - +0 robe
rPois   .          Reflect  .   (no helmet)
rElec   .          Harm     .   (no cloak)
rCorr   .          Rampage  .   (no gloves)
Will    .....                   (no boots)
Stlth   ++........              (no amulet)
HPRegen 0.11/turn               e - +4 ring of protection
MPRegen 0.11/turn               n - ring of positive energy

@: no status effects
A: (nimble swimmer 2), mertail
a: no special abilities


You were on level 4 of the Dungeon.
You visited 1 branch of the dungeon, and saw 4 of its levels.

You collected 143 gold pieces.

Inventory:

Hand Weapons
 d - a +0 whip
 s - a +0 dagger (weapon)
Armour
 a - a +0 robe (worn)
Jewellery
 e - a +4 ring of protection (left hand)
 n - a ring of positive energy (right hand)
Wands
 r - a wand of acid (7)
Scrolls
 f - a scroll of amnesia {unknown}
 i - a scroll of blinking {unknown}
 j - a scroll of silence {unknown}
 m - 2 scrolls of teleportation {unknown}
 o - a scroll of identify {unknown}
 q - a scroll of torment {unknown}
Potions
 b - a potion of might {unknown}
 c - a potion of haste {unknown}
 g - a potion of flight
 h - a potion of resistance {unknown}
 k - 2 potions of curing {unknown}
 l - a potion of brilliance {unknown}
 p - a potion of ambrosia {unknown}


   Skills:
 - Level 2.7 Dodging
 + Level 3.6 Stealth
 + Level 2.6 Spellcasting
 - Level 3.0 Transmutations
 * Level 4.9 Poison Magic


You had 2 spell levels left.
You knew the following spells:

 Your Spells              Type           Power      Damage    Failure   Level
a - Sting                 Tmut/Pois      52%        1d5       4%          1
b - Poisonous Vapours     Pois/Air       18%        N/A       12%         2
c - Olgreb's Toxic Radia  Pois           16%        N/A       26%         4

Your spell library contained the following spells:

 Spells                   Type           Power      Damage    Failure   Level
 Pain                     Necr           8%         1d4       21%         1
 Mephitic Cloud           Conj/Pois/Air  6%         N/A       32%         3
 Gell's Gravitas          Tloc           1%         N/A       52%         3
 Lesser Beckoning         Tloc           2%         N/A       52%         3
 Teleport Other           Tloc           2%         N/A       52%         3
 Flame Wave               Conj/Fire      2%         3d3       90%         4
 Sticky Flame             Conj/Fire      2%         2d3       90%         4
 Agony                    Necr           2%         N/A       99%         5
 Excruciating Wounds      Necr           1%         N/A       99%         5
 Malign Gateway           Summ/Tloc      1%         N/A       100%        7


Dungeon Overview and Level Annotations

Branches:
Dungeon (4/15)
 Temple: D:4-7

Altars:
Gozag

Shops:
D:2 [

Annotations:
D:2 exclusion: adder, Sigmund


Innate Abilities, Weirdness & Mutations

((You are quick and stealthy near water. (Stealth+, EV+, Speed+++)))
Your lower body shifts to a powerful aquatic tail in water.


Message History

You begin to radiate toxic energy.
The gnoll shaman is poisoned.
The gnoll looks even sicker.
The gnoll is poisoned.
The gnoll looks even sicker. x2; The gnoll hits you with a +0 flail.
Unknown command.
Your toxic aura wanes.
The gnoll hits you with a +0 flail!
You kill the gnoll!
The gnoll shaman looks more healthy.
The gnoll shaman calls upon its god to heal the gnoll.
The gnoll is healed somewhat.
The gnoll shaman calls upon its god to speed up the gnoll.
The gnoll seems to speed up.
Casting: Olgreb's Toxic Radiance (extremely dangerous; 26% risk of failure)
Confirm with . or Enter, or press ? or * to list all spells.
You don't have enough magic to cast this spell.
Unknown command.
Casting: Olgreb's Toxic Radiance (extremely dangerous; 26% risk of failure)
Confirm with . or Enter, or press ? or * to list all spells.
Aiming: Poisonous Vapours (safe; 12% risk of failure)
Press: ? - help, Dir - move target, f - gnoll shaman
Aim: a gnoll shaman, wielding a +0 club and wearing a +0 robe (lightly wounded) Poisonous vapours surround the gnoll shaman!
The gnoll shaman is poisoned.
Unknown command.
The gnoll hits you from afar with a +0 spear.
The gnoll closely misses you. The gnoll closely misses you.
The gnoll shaman calls upon its god to heal the gnoll.
The gnoll is healed somewhat.
The gnoll looks more healthy.
The gnoll hits you from afar with a +0 spear.
The gnoll shaman hits you with a +0 club.
You completely miss the gnoll shaman.
The gnoll shaman is moderately wounded.
The gnoll hits you from afar with a +0 spear.
* * * LOW HITPOINT WARNING * * *
The gnoll shaman hits you with a +0 club.
* * * LOW HITPOINT WARNING * * *
The gnoll hits you from afar with a +0 spear.
You die...

. #..........##...# ###
#.####....##.).......# #..
#...............###..####..
..........(.....# #.....>..
#..............#####.####..
#.####....####.# #......#..
. #.........# #.#.##.###
#...#########.#.##.#
#..gg@.....##.#.)#.#
#....#####.##.##.#.# ##.#.#
#.<.#..# ...... ##.###.###
####..## #.## ##... #...
##.###.### #.## ##.#.## #.
##.## ###


You could see a gnoll shaman (poisoned) and a gnoll (fast).

Vanquished Creatures
  An orc priest (D:2)
  A hound (D:4)
  2 gnolls (D:4)
  2 adders
  An ufetubus (D:4)
  A worm (D:3)
  2 dart slugs (D:1)
  7 orcs
  9 endoplasms
  A goblin (D:1)
  3 hobgoblins
  2 kobolds
  3 quokkas
  8 ball pythons
  2 bats
  2 frilled lizards
  3 rats
50 creatures vanquished.

Notes
Turn   | Place    | Note
-------+----------+-------------------------------------------
     0 | D:1      | MacCMillion the Merfolk Venom Mage began the quest for the
                  | Orb.
     0 | D:1      | Reached XP level 1. HP: 13/13 MP: 3/3
   376 | D:1      | Reached XP level 2. HP: 14/19 MP: 0/5
  1226 | D:2      | Found Qoomaz's Armour Shop.
  1239 | D:2      | Reached XP level 3. HP: 23/24 MP: 2/6
  1378 | D:2      | Noticed Sigmund
  1460 | D:2      | Learned a level 2 spell: Poisonous Vapours
  2060 | D:2      | Reached skill level 4 in Poison Magic
  2060 | D:2      | Reached XP level 4. HP: 17/30 MP: 2/7
  2192 | D:2      | Learned a level 4 spell: Olgreb's Toxic Radiance
  2784 | D:3      | Found an opulent altar of Gozag.
  3118 | D:4      | Got the Volume of Burning Dislocation
  3452 | D:4      | Reached XP level 5. HP: 27/35 MP: 5/8
  3590 | D:3      | HP: 1/35 [ball python (1)]
  3602 | D:3      | HP: 1/35 [ball python (1)]
  4276 | D:4      | Slain by a gnoll

Illustrated notes

Levels and vault maps discovered:
D:1:      tarquinn_simple_flora_water_c, layout_basic, minmay_pentomino_t4
D:2:      layout_loops_ring, serial_shops, shop_statue, uniq_sigmund
D:3:      layout_loops_ring, nicolae_gozag_seed_capital
D:4:      layout_loops_cross, mainiacjoe_overflow_alcove_4, minmay_door_square,
          chequers_decorated_corner, dk_vineyard_3

Skill      XL: |  1  2  3 |
---------------+----------+-----
Transmutations | 2 3 |  3.0
Stealth        | 3 |  3.6
Poison Magic   | 4 |  4.9
Dodging        | |  2.7
Spellcasting   | |  2.6

Action                   |  1- 3 |  4- 6 || total
-------------------------+-------+-------++-------
Melee: Unarmed           |     1 |       ||     1
       Whip              |    10 |    14 ||    24
       Dagger            |       |     4 ||     4
 Cast: Sting             |    53 |    39 ||    92
       Poisonous Vapours |     2 |     9 ||    11
       Olgreb's Toxic Ra |       |     1 ||     1
  Use: Potion            |       |     1 ||     1
Armor: Robe              |     6 |    14 ||    20
Dodge: Dodged            |    34 |    43 ||    77

Table legend: (Time is in decaauts)
 A = Elapsed time spent in this place.
 B = Non-inter-level travel time spent in this place.
 C = Inter-level travel time spent in this place.
 D = Time resting spent in this place.
 E = Time spent auto-exploring this place.
 F = Levels seen in this place.
 G = Mean time per level.
                   A        B        C        D        E       F      G
               +--------+--------+--------+--------+--------+-----+--------+
         Total |   4277 |   4063 |    214 |   1086 |   2329 |   4 | 1069.2 |
       Dungeon |   4277 |   4063 |    214 |   1086 |   2329 |   4 | 1069.2 |
               +--------+--------+--------+--------+--------+-----+--------+

Top non-repeatable levels by time:
     D:3: 1626 daAuts
     D:1: 1207 daAuts
     D:2: 1065 daAuts
     D:4: 378 daAuts
